 Dungeon Sprint DCSS version 0.20.1-1-g8b1a95d (webtiles) character file.

1112 KingStallion the Thaumaturge (level 8, 0/57 HPs)
             Began as an Octopode Wizard on Oct 16, 2017.
             Slain by an air elemental (6 damage)
             ... in the Dungeon (Sprint V: "Ziggurat Sprint").
             The game lasted 00:02:43 (352 turns).

KingStallion the Thaumaturge (Octopode Wizard)       Turns: 352, Time: 00:02:43

Health: 0/57       AC:  1    Str: 20    XL:     8   Next: 33%
Magic:  23/23      EV: 10    Int: 32    God:
Gold:   0          SH: 27    Dex: 23    Spells: 28/29 levels left

rFire    . . .     SeeInvis .   a - +6 shillelagh "Devastator" {shatter}
rCold    . . .     Gourm    .   J - +18 shield of the Gong {rElec rN+ MR+ EV-5}
rNeg     + . .     Faith    .   K - +0 hat
rPois    .         Spirit   .   (no amulet)
rElec    +         Reflect  .   z - +6 ring of dexterity
rCorr    .         Harm     .   A - +6 ring of dexterity
MR       +....     NoTele   +   B - +6 ring of intelligence
Stlth    ++++++....             C - +6 ring of intelligence
Regen    0.2/turn               D - +6 ring of strength
MPRegen  0.2/turn               E - +6 ring of strength
                                (no ring)
                                (no ring)

@: studying Staves
A: almost no armour, stealthy swim, amphibious, 8 rings, constrict 8, camouflage
1, gelatinous body 1
a: no special abilities


You were in the Dungeon.
You were not hungry.

You visited 1 branch

Inventory:

Hand Weapons
 a - the +6 shillelagh "Devastator" (weapon) {shatter}
   (You found it in the Dungeon)
 L - the +9 sword of Zonguldrok {reap}
   (You found it in the Dungeon)

   If a monster killed with it leaves a corpse in good enough shape, the corpse
   will be animated as a zombie friendly to the killer.
Armour
 J - the +18 shield of the Gong (worn) {rElec rN+ MR+ EV-5}
   (You found it in the Dungeon)

   It affects your evasion (-5).
   It insulates you from electricity.
   It protects you from negative energy.
   It affects your resistance to hostile enchantments.
 K - a +0 hat (worn)
Jewellery
 z - a +6 ring of dexterity (left tentacle)
 A - a +6 ring of dexterity (right tentacle)
 B - a +6 ring of intelligence (on tentacle)
 C - a +6 ring of intelligence (on tentacle)
 D - a +6 ring of strength (on tentacle)
 E - a +6 ring of strength (on tentacle)
Wands
 F - a wand of disintegration (7/24)
 G - a wand of iceblast (4/15)
 H - a wand of lightning (5/15)
 I - a wand of acid (3/15)
Scrolls
 i - 4 scrolls of blinking
 p - 4 scrolls of amnesia
 q - 3 scrolls of recharging
 r - 7 scrolls of fog
 s - a scroll of holy word
 t - 5 scrolls of identify
 u - 5 scrolls of remove curse
 v - 2 scrolls of fear
Potions
 d - 10 potions of curing
 e - 8 potions of heal wounds
 f - 6 potions of haste
 g - 7 potions of magic
 h - 2 potions of berserk rage
 j - 2 potions of brilliance
 k - 2 potions of invisibility
 l - 4 potions of resistance
 m - a potion of experience
 n - 5 potions of agility
 o - 5 potions of might
Books
 b - a book of Minor Magic

   Spells                             Type                      Level
   a - Magic Dart                     Conjuration                  1
   b - Blink                          Translocation                2
   c - Call Imp                       Summoning                    2
   d - Slow                           Hexes                        2
   e - Conjure Flame                  Conjuration/Fire             3
   f - Mephitic Cloud                 Conjuration/Poison/Air       3
 N - a manual of Staves
Miscellaneous
 y - a lightning rod (4/4)
 M - a fan of gales
 O - a sack of spiders
Comestibles
 c - 5 bread rations
 w - 42 fruits
 x - 4 meat rations


   Skills:
 * Level 5.7 Fighting
 * Level 5.7 Maces & Flails
 + Level 5.9 Dodging
 * Level 9.5 Stealth
 + Level 1.3 Shields
 * Level 5.7 Unarmed Combat
 + Level 11.2 Spellcasting
 + Level 1.1 Conjurations
   Level 1.0 Summonings
   Level 1.0 Translocations
 + Level 0.9 Evocations


You had 28 spell levels left.
You knew the following spells:

 Your Spells              Type           Power        Failure   Level  Hunger
a - Magic Dart            Conj           ####         10%         1    None


Dungeon Overview and Level Annotations

Branches:
Dungeon (1/1)

Altars:
Ashenzari
Cheibriados
Dithmenos
Elyvilon
Fedhas
Gozag
Hepliaklqana
Kikubaaqudgha
Makhleb
Nemelex Xobeh
Okawaru
Qazlal
Ru
Sif Muna
Trog
Uskayaw
Vehumet
Xom
Yredelemnul
Zin
The Shining One
Beogh
Jiyva
Lugonu

Annotations:
D 1 transporter


Innate Abilities, Weirdness & Mutations

You cannot wear most types of armour.
You are very stealthy in the water. (Stealth+)
You are amphibious.
You can wear up to eight rings at the same time.
You can use your tentacles to constrict eight enemies at once.
Your skin changes colour to match your surroundings (Stealth+).
Your rubbery body absorbs attacks. (AC +1, EV +1)


Message History

The insubstantial wisp blinks!
Unknown command.
You hit the air elemental. Your squeeze misses the air elemental.
The air elemental is severely damaged.
You block the air elemental's attack.
GONNNNG!
You block the air elemental's attack.
GONNNNG!
The air elemental hits you.
* * * LOW HITPOINT WARNING * * *
The insubstantial wisp hits you!
* * * LOW HITPOINT WARNING * * *
You thump the air elemental!
Your tentacle-slap misses the air elemental.
Your squeeze misses the air elemental.
The air elemental is almost destroyed.
You block the air elemental's attack.
GONNNNG!
The air elemental hits you.
You die...

▓.....▓.....▓▓▓▓▓
▓▓▓▓▓▓▓▓▓▓▓▓▓▓
▓..8©8...▓
▓..:}).v.▓
▓...|....▓
▓........▓
▓...§....▓
▓E.......▓
▓@v......▓
▓▓▓▓▓▓▓▓▓▓


You could see an air elemental and 2 insubstantial wisps.

Vanquished Creatures
  A mummy priest (D)
  An insubstantial wisp (D)
  2 wolves (D)
  A wight (D)
  2 mummies (D)
  An adder zombie (D)
  A ball python zombie (D)
  A jackal skeleton (D)
10 creatures vanquished.

Notes
Turn   | Place    | Note
-------+----------+-------------------------------------------
     0 | D        | KingStallion the Octopode Wizard began the quest for the Orb.
     0 | D        | Reached XP level 1. HP: 11/11 MP: 4/4
     0 | D        | Found a deep blue altar of Sif Muna.
     0 | D        | Found a bloodstained altar of Trog.
     0 | D        | Found a sacrificial altar of Ru.
     0 | D        | Found a stormy altar of Qazlal.
     0 | D        | Found an iron altar of Okawaru.
     1 | D        | Found a sparkling altar of Nemelex Xobeh.
     1 | D        | Found a blossoming altar of Fedhas.
     3 | D        | Found a transporter.
     3 | D        | Found an ancient bone altar of Kikubaaqudgha.
     3 | D        | Found a viscous altar of Jiyva.
     3 | D        | Found a corrupted altar of Lugonu.
     3 | D        | Found a hazy altar of Hepliaklqana.
     3 | D        | Found a burning altar of Makhleb.
     3 | D        | Found an opulent altar of Gozag.
    46 | D        | Entered arena 2.
    46 | D        | Noticed a wolf
    46 | D        | Noticed a wolf
    46 | D        | Found a transporter.
    48 | D        | Killed a wolf
    48 | D        | Reached skill level 5 in Stealth
    48 | D        | Reached skill level 6 in Spellcasting
    48 | D        | Reached XP level 2. HP: 17/17 MP: 4/9
    48 | D        | Reached XP level 3. HP: 21/21 MP: 4/11
    48 | D        | Reached XP level 4. HP: 27/27 MP: 4/12
    49 | D        | Killed a wolf
    49 | D        | Reached skill level 7 in Spellcasting
    49 | D        | Reached XP level 5. HP: 34/34 MP: 4/15
    60 | D        | Entered arena 3.
    60 | D        | Noticed a mummy priest
    60 | D        | Found a transporter.
    68 | D        | Reached skill level 8 in Spellcasting
    69 | D        | Killed a mummy priest
    69 | D        | Reached skill level 5 in Fighting
    69 | D        | Reached skill level 5 in Maces & Flails
    69 | D        | Reached skill level 5 in Dodging
    69 | D        | Reached skill level 1 in Shields
    69 | D        | Reached skill level 5 in Unarmed Combat
    69 | D        | Reached skill level 11 in Spellcasting
    69 | D        | Reached XP level 6. HP: 14/45 MP: 7/20
    69 | D        | Reached XP level 7. HP: 15/50 MP: 7/21
    69 | D        | Reached XP level 8. HP: 17/56 MP: 7/23
    69 | D        | Noticed a reaper
   319 | D        | Entered arena 4.
   319 | D        | Found a transporter.
   337 | D        | Entered arena 5.
   337 | D        | Noticed an air elemental
   337 | D        | Found a transporter.
   352 | D        | Slain by an air elemental

Skill      XL: |  1  2  3  4  5 |
---------------+----------------+-----
Dodging        | 4 5 |  5.9
Stealth        | 5 9 |  9.5
Spellcasting   | 6 7 11 | 11.2
Fighting       | 2 5 |  5.7
Maces & Flails | 2 5 |  5.7
Unarmed Combat | 2 5 |  5.7
Shields        | 1 |  1.3
Conjurations   | |  1.1
Summonings     | |  1.0
Translocations | |  1.0
Evocations     | |  0.9

Action                   |  1- 3 |  4- 6 |  7- 9 || total
-------------------------+-------+-------+-------++-------
Melee: Shillelagh        |     1 |     5 |    17 ||    23
       Tentacles         |     1 |     1 |     4 ||     6
       Constrict         |     1 |     1 |     2 ||     4
Evoke: Wand              |     1 |       |     2 ||     3
  Use: Potion            |       |     3 |       ||     3
Armor: Skin              |       |       |     1 ||     1
Dodge: Dodged            |       |     1 |     3 ||     4
Block: Shield            |       |     1 |    20 ||    21
